 Adventure DCSS version bcrawl-1.23.1 (webtiles) character file.

Game seed: 1074907615243769159

162 funkygono the Covered (level 5, -12/47 HPs)
             Began as a Minotaur Fighter on May 24, 2020.
             Mangled by an orc warrior
             ... wielding a +0 trident
              (20 damage)
             ... on level 4 of the Dungeon.
             The game lasted 00:05:35 (2869 turns).

funkygono the Covered (Minotaur Fighter)            Turns: 2869, Time: 00:05:35

Health: -12/47     AC:  7    Str: 22    XL:     5   Next: 19%
Magic:  4/4        EV:  6    Int:  5    God:
Gold:   172        SH: 10    Dex: 10    Spells: 4/4 levels left
                                        Lives:  0   Deaths: 2

rFire    + . .     SeeInvis .   a - +0 flail
rCold    . . .     Gourm    +   c - +0 medium shield
rNeg     . . .     Faith    .   b - +0 scale mail
rPois    .         Spirit   .   (helmet restricted)
rElec    .         Reflect  .   (no cloak)
rCorr    .         Harm     .   (no gloves)
MR       .....                  (no boots)
Stlth    ..........             h - amulet of the gourmand
HPRegen  0.15/turn              k - +6 ring of slaying
MPRegen  0.09/turn              q - ring of protection from fire

@: no status effects
A: retaliatory headbutt, horns 2
a: no special abilities


You were on level 4 of the Dungeon.
You were not hungry.

You visited 1 branch of the dungeon, and saw 4 of its levels.

You collected 172 gold pieces.

Inventory:

Hand Weapons
 a - a +0 flail (weapon)
Missiles
 i - 1237 stones (quivered)
 n - 544 arrows
 p - 338 bolts
 s - 280 sling bullets
Armour
 b - a +0 scale mail (worn)
 c - a +0 medium shield (worn)
Magical Staves
 f - an uncursed staff of earth {unknown}
Jewellery
 h - an amulet of the gourmand (around neck)
 k - a +6 ring of slaying (left hand)
 m - an uncursed amulet of faith
 q - a ring of protection from fire (right hand)
Scrolls
 l - 2 scrolls of remove curse
 u - a scroll of teleportation
 v - a scroll of blinking {unknown}
Potions
 d - 3 potions of might
 g - a potion of haste {unknown}
 j - 2 potions of magic
 o - a potion of agility
 r - a potion of lignification
Comestibles
 e - 4 rations {!d}
 t - 4 chunks of flesh


   Skills:
 + Level 4.6 Fighting
 + Level 5.3 Maces & Flails
 + Level 5.4 Armour
 + Level 1.5 Dodging
 + Level 0.5 Stealth
 + Level 5.2 Shields


You had 4 spell levels left.
You didn't know any spells.
Your spell library was empty.

Dungeon Overview and Level Annotations

Branches:
Dungeon (4/12)
 Temple: D:4-7

Altars:
Uskayaw


Innate Abilities, Weirdness & Mutations

You reflexively headbutt those who attack you in melee.
You have a pair of horns on your head.


Message History

The orc barely misses you. You block the orc warrior's attack.
The orc hits you but does no damage.
The orc warrior hits you with a +0 trident!
You block the orc's attack. You block the orc warrior's attack.
The orc hits you but does no damage.
The orc warrior hits you with a +0 trident.
You block the orc's attack.
You hear the hiss of a distant avalanche of sand.
The orc warrior hits you with a +0 trident!
* * * LOW HITPOINT WARNING * * *
The orc closely misses you.
The orc warrior hits you with a +0 trident.
* * * LOW HITPOINT WARNING * * *
You block the orc's attack. The orc hits you but does no damage.
You block the orc warrior's attack. You block the orc's attack.
The orc warrior hits you but does no damage.
The orc hits you but does no damage.
The orc warrior hits you with a +0 trident!!
You die...

.#...÷.<..)....##
.)..............#........#
.......†#.......#.........#
......)[###..#.............
)......###..###...........##
.......###..###.........>..#
.......##....#.............# #
.......#.##......o.....>...#..
..........).....@)$...........
......##........[o.....<...#
.......#...[......##.......#
.......#.......#..####.....###
...........#...##..# #††......
.......#...##.###..# #o.......
#..........#..###.## .........
##..............#.. ..#.......
..#........###..#...## .......


You could see an orc warrior and an orc.

Vanquished Creatures
  A sky beast (D:4)
  A howler monkey (D:4)
  2 hounds (D:4)
  An orc wizard (D:4)
  3 worker ants
  A hound skeleton (D:4)
  2 gnolls
  An ooze (D:1)
  An adder skeleton (D:4)
  4 worms
  A dart slug (D:4)
  3 leopard geckos
  15 orcs
  2 giant cockroaches
  5 goblins
  6 hobgoblins
  3 jackals
  7 kobolds
  3 quokkas
  2 ball pythons
  4 bats
  3 frilled lizards
71 creatures vanquished.

Notes
Turn   | Place    | Note
-------+----------+-------------------------------------------
     0 | D:1      | funkygono the Minotaur Fighter began the quest for the Orb.
     0 | D:1      | Reached XP level 1. HP: 19/19 MP: 0/0
    70 | D:1      | Reached XP level 2. HP: 22/27 MP: 1/1
   452 | D:2      | Reached XP level 3. HP: 33/33 MP: 2/2
  1407 | D:2      | Found a hide-covered altar of Uskayaw.
  1552 | D:3      | Reached XP level 4. HP: 37/40 MP: 3/3
  2595 | D:4      | Reached XP level 5. HP: 39/47 MP: 4/4
  2601 | D:4      | Reached skill level 1 in Dodging
  2617 | D:4      | Reached skill level 5 in Armour
  2617 | D:4      | Reached skill level 5 in Shields
  2636 | D:4      | Reached XP level 6. HP: 15/53 MP: 5/5
  2678 | D:4      | Noticed a sky beast
  2695 | D:4      | Slain by a sky beast
  2696 | D:4      | Reached XP level 5. HP: -3/47 MP: 4/4
  2716 | D:4      | Killed a sky beast
  2750 | D:4      | Reached skill level 5 in Maces & Flails
  2788 | D:4      | Noticed an orc warrior
  2796 | D:4      | Slain by an orc warrior
  2797 | D:4      | Reached XP level 4. HP: -2/41 MP: 3/3
  2858 | D:4      | Reached XP level 5. HP: 47/47 MP: 4/4
  2869 | D:4      | Mangled by an orc warrior

Skill      XL: |  1  2  3  4  5 |
---------------+----------------+-----
Fighting       | 4 |  4.6
Armour         | 4 5 |  5.4
Shields        | 4 5 |  5.2
Maces & Flails | 3 5 |  5.3
Dodging        | 1 |  1.5
Stealth        | |  0.5

Action                   |  1- 3 |  4- 6 || total
-------------------------+-------+-------++-------
Melee: Flail             |    80 |   106 ||   186
       Headbutt          |    17 |    21 ||    38
  Use: Scroll            |     5 |     1 ||     6
  Eat: Chunk             |     3 |       ||     3
       Ration            |       |     2 ||     2
Armor: Scale mail        |    31 |    71 ||   102
Dodge: Dodged            |    17 |    37 ||    54
Block: Medium shield     |    37 |    69 ||   106
